Map: Pylon LE

Players

ShoWTimE - Winner!

  • Race: Protoss Protoss
  • Spawn Location: 11:00

SHIN

  • Race: Zerg Zerg
  • Spawn Location: 5:00

Event: DreamHack Dallas 2025

VOD

Have the link to the VOD?

Description

Time

  • Played on: May 24, 2025, 4:07 p.m.
  • Length: 13:56

All games in this series

Show
View Real Time Build Order
Export as new Build Order

ShoWTimE Protoss - Winner!

Build Orders: Oracle Opening, Zealot Archon 

Get SALT Encoding   

  12  0:00  Probe  
  13  0:12  Probe  
  14  0:20  Pylon  
  14  0:24  Probe  
  15  0:34  Probe  
  15  0:40  Gateway  
  15  0:42  Probe  
  16  0:49  Assimilator  
  17  0:52  Probe  
  18  1:06  Probe  
  18  1:08  Gateway  
  19  1:18  Probe  
  20  1:26  Zealot  
  20  1:28  Cybernetics Core  
  22  1:33  Pylon  
  22  1:35  Probe  
  23  1:41  Assimilator  
  23  1:44  Zealot  
  23  1:51  Probe  
  26  2:05  Warp Gate, Adept  
  26  2:07  Adept  
  29  2:11  Pylon  
  30  2:18  Probe  
  31  2:30  Probe  
  31  2:33  Adept  
  31  2:36  Adept  
  36  2:54  Stargate  
  36  3:02  Pylon  
  36  3:15  Nexus  
  36  3:19  Adept  
  38  3:23  Probe  
  39  3:34  Oracle  
  39  3:36  Probe  
  40  3:48  Probe  
  38  4:00  Probe  
  39  4:04  Oracle  
  39  4:11  Adept x2  
  39  4:12  Probe  
  41  4:24  Probe  
  41  4:27  Probe  
  43  4:34  Oracle  
  43  4:36  Probe  
  44  4:39  Probe, Adept x2  
  52  4:48  Probe  
  52  4:49  Pylon  
  52  4:51  Probe  
  54  5:00  Probe  
  54  5:03  Probe, Adept x2  
  60  5:12  Probe  
  61  5:15  Probe  
  61  5:16  Pylon  
  62  5:24  Probe  
  62  5:27  Probe  
  64  5:34  Nexus  
  64  5:35  Pylon  
  64  5:37  Probe  
  64  5:39  Probe  
  64  5:40  Assimilator  
  64  5:42  Assimilator  
  66  5:43  Stalker  
  66  5:49  Probe, Twilight Council  
  69  5:51  Probe  
  70  6:00  Forge  
  70  6:01  Probe  
  70  6:03  Probe  
  72  6:04  Shield Battery  
  72  6:13  Probe  
  72  6:15  Probe  
  74  6:18  Stalker x2  
  74  6:21  Charge  
  74  6:22  Gateway, Protoss Ground Weapons Level 1  
  74  6:25  Probe  
  79  6:28  Probe  
  80  6:36  Gateway  
  80  6:37  Probe  
  81  6:40  Probe  
  81  6:43  Robotics Facility  
  81  6:45  Probe  
  81  6:47  Probe  
  82  6:48  Probe  
  82  6:50  Gateway  
  82  6:53  Probe  
  85  6:55  Probe  
  85  6:56  Probe  
  88  7:01  Templar Archives  
  88  7:02  Probe  
  88  7:03  Probe  
  88  7:06  Probe  
  88  7:07  Gateway  
  91  7:10  Assimilator  
  91  7:14  Probe  
  92  7:15  Probe  
  92  7:16  Assimilator  
  92  7:18  Probe  
  92  7:20  Gateway  
  94  7:22  Gateway  
  94  7:24  Warp Prism  
  94  7:26  Probe  
  94  7:28  Gateway  
  94  7:29  Photon Cannon  
  95  7:30  Pylon  
  97  7:37  Probe  
  97  7:43  Pylon  
  98  7:45  Pylon  
  98  7:51  High Templar x3  
  98  7:53  High Templar  
  98  7:55  Psionic Storm  
  98  7:57  Observer, Pylon, Archon x2  
  106  7:59  Pylon x2  
  107  8:08  Gateway  
  107  8:10  Gateway  
  107  8:11  Gateway  
  107  8:16  High Templar  
  109  8:20  Zealot x2  
  109  8:23  Photon Cannon  
  113  8:27  Shield Battery  
  113  8:31  High Templar  
  113  8:34  High Templar  
  117  8:35  Protoss Ground Weapons Level 2  
  117  8:42  High Templar  
  119  8:49  Zealot x4  
  119  8:50  Zealot  
  119  8:52  Photon Cannon  
  127  9:03  High Templar  
  127  9:04  Zealot x3  
  127  9:06  Observer  
  127  9:08  Pylon  
  136  9:11  Pylon  
  136  9:12  Zealot x2  
  136  9:13  Zealot x4  
  140  9:32  Zealot x5  
  140  9:34  Immortal  
  140  9:37  High Templar x2  
  140  9:38  Zealot x2  
  160  9:42  Archon, Zealot x2  
  164  9:49  Probe  
  165  9:59  Pylon  
  165  10:00  Pylon  
  165  10:01  Pylon  
  165  10:03  Nexus  
  157  10:08  High Templar x3  
  157  10:09  High Templar  
  157  10:13  Archon  
  155  10:15  Zealot x3  
  155  10:16  Zealot x2  
  165  10:21  Nexus  
  165  10:24  Archon  
  165  10:26  Zealot x3  
  169  10:36  Probe x2  
  169  10:38  Photon Cannon  
  169  10:40  Photon Cannon  
  169  10:41  Shield Battery  
  169  10:42  Protoss Ground Weapons Level 3  
  171  10:47  Stalker x2  
  171  10:48  Stalker  
  177  10:53  Stalker x2  
  161  11:02  Stalker  
  161  11:03  Stalker, Zealot x2  
  159  11:08  Probe x2  
  159  11:15  High Templar  
  159  11:16  High Templar  
  163  11:19  Archon  
  163  11:20  Probe x2  
  163  11:23  Assimilator  
  163  11:27  Assimilator, High Templar x2  
  163  11:31  Archon  
  164  11:35  Probe  
  164  11:38  Probe  
  166  11:40  Zealot  
  166  11:41  Zealot x5  
  178  11:48  Zealot x2  
  182  11:57  Zealot x2  
  186  12:01  High Templar x2  
  186  12:02  High Templar x2  
  186  12:06  Archon  
  186  12:07  Archon  
  178  12:14  Zealot x4  
  178  12:15  Zealot x2  
  182  12:24  Immortal  
  182  12:25  High Templar  
  181  12:31  Zealot  
  181  12:36  Zealot  
  164  12:39  Zealot x2  
  164  12:40  Zealot x4  
  158  12:46  Zealot  
  150  12:54  High Templar  
  148  12:59  High Templar x2  
  148  13:01  High Templar, Nexus  
  148  13:02  Zealot  
  151  13:09  Probe, High Templar  
  151  13:10  Probe  
  151  13:11  Probe  
  140  13:16  High Templar  
  140  13:17  High Templar  
  132  13:21  Archon  
  132  13:22  Probe x2  
  132  13:23  Probe  
  135  13:30  Pylon, High Templar  
  135  13:31  Pylon  
  135  13:34  Probe x2  
  139  13:35  Probe  
  139  13:37  Zealot x2  
  144  13:46  Zealot x2  
  133  13:51  Zealot x2  
  133  13:54  Archon  
Show
View Real Time Build Order
Export as new Build Order

SHIN Zerg 

Build Orders: Hatch First 

Get SALT Encoding   

  12  0:00  Drone  
  13  0:07  Drone  
  13  0:14  Drone, Extractor  
  15  0:21  Overlord  
  15  0:40  Drone  
  16  0:43  Drone  
  17  0:52  Hatchery  
  17  0:54  Drone  
  17  1:07  Drone  
  18  1:13  Drone  
  18  1:17  Extractor  
  18  1:20  Spawning Pool  
  18  1:21  Drone  
  18  1:28  Drone  
  19  1:39  Drone  
  20  1:46  Hatchery  
  19  1:50  Drone  
  20  1:58  Overlord  
  20  2:07  Queen  
  22  2:18  Zergling x2  
  22  2:21  Metabolic Boost  
  22  2:22  Zergling x2  
  24  2:31  Zergling x2  
  24  2:36  Overlord  
  26  2:47  Hatchery  
  26  2:48  Zergling x2  
  25  2:57  Queen  
  27  3:00  Zergling x2  
  27  3:05  Zergling x2  
  29  3:07  Zergling x2  
  29  3:09  Zergling x2  
  31  3:14  Zergling x2  
  32  3:20  Drone x3  
  32  3:23  Drone  
  36  3:29  Zergling x2  
  36  3:32  Zergling x2  
  40  3:44  Zergling x2  
  40  3:45  Zergling x2  
  42  3:51  Drone  
  42  3:54  Spine Crawler  
  41  4:00  Drone  
  42  4:07  Spore Crawler  
  42  4:08  Drone x2  
  41  4:12  Drone x2  
  41  4:16  Drone  
  44  4:19  Overlord  
  44  4:25  Spore Crawler  
  44  4:26  Drone  
  43  4:37  Drone  
  43  4:38  Drone x3  
  45  4:43  Drone x3  
  45  4:45  Drone  
  49  4:57  Hatchery  
  49  4:58  Drone  
  49  5:02  Overlord  
  49  5:03  Drone  
  49  5:08  Drone x2  
  51  5:18  Evolution Chamber, Queen  
  51  5:22  Drone x3  
  51  5:24  Drone  
  51  5:27  Queen  
  58  5:34  Drone  
  58  5:35  Overlord  
  59  5:38  Overlord  
  59  5:42  Overlord  
  59  5:45  Overlord  
  59  5:49  Extractor  
  58  5:50  Evolution Chamber  
  58  5:54  Drone x4  
  61  5:58  Queen  
  61  6:04  Zergling x6  
  66  6:10  Drone x4  
  70  6:15  Zerg Melee Weapons Level 1  
  70  6:17  Drone x2  
  72  6:23  Drone x2  
  72  6:24  Spore Crawler  
  73  6:28  Drone x3  
  76  6:35  Lair  
  76  6:38  Drone x4  
  76  6:39  Drone  
  81  6:43  Overlord  
  81  6:50  Drone  
  81  6:51  Drone x2  
  84  6:56  Extractor  
  84  6:58  Zergling x12  
  84  7:00  Evolution Chamber  
  88  7:03  Drone x2  
  90  7:09  Zergling x8  
  90  7:14  Overlord  
  94  7:15  Zergling x2  
  94  7:19  Overlord  
  95  7:24  Drone  
  95  7:26  Drone, Zergling x4, Extractor  
  95  7:28  Overlord  
  95  7:29  Overlord  
  97  7:30  Overlord x2  
  97  7:31  Hatchery  
  97  7:37  Zergling x2, Hydralisk Den  
  95  7:38  Zergling x4  
  95  7:43  Drone x3  
  101  7:47  Drone  
  101  7:48  Drone  
  101  7:50  Extractor  
  101  7:52  Drone  
  101  7:54  Drone  
  101  7:55  Drone  
  101  7:56  Baneling Nest, Drone  
  101  7:57  Overseer  
  101  7:58  Zergling x6  
  107  8:00  Drone  
  107  8:02  Zergling x4  
  69  8:05  Grooved Spines  
  110  8:10  Hydralisk x5, Zerg Missile Weapons Level 1  
  120  8:15  Hydralisk  
  121  8:21  Hydralisk x2  
  121  8:22  Hydralisk  
  121  8:25  Zergling x10  
  132  8:27  Extractor  
  132  8:29  Hydralisk  
  133  8:34  Hydralisk x2  
  133  8:36  Zergling x2  
  137  8:42  Hydralisk  
  137  8:44  Hydralisk x2  
  137  8:47  Drone  
  144  8:50  Drone x3  
  144  8:52  Drone x3  
  144  8:53  Centrifugal Hooks  
  150  8:56  Drone x2  
  150  8:57  Overlord x2  
  150  9:01  Overlord  
  152  9:05  Pneumatized Carapace  
  152  9:07  Overlord  
  152  9:13  Spore Crawler  
  152  9:15  Hydralisk x3  
  152  9:16  Zergling x4  
  159  9:18  Zergling x2  
  159  9:23  Hydralisk, Zergling x2  
  159  9:24  Zergling x4  
  163  9:25  Zergling x2  
  163  9:27  Zergling x2  
  163  9:28  Zergling x4  
  163  9:30  Overlord  
  165  9:31  Zergling x2  
  165  9:35  Zergling x8  
  169  9:39  Overlord  
  169  9:40  Zergling x2  
  169  9:45  Zergling x4  
  167  9:50  Baneling x6  
  167  9:51  Baneling x4  
  166  9:53  Baneling x11  
  166  9:54  Zergling x2  
  166  9:59  Zergling x10  
  172  10:05  Zergling x12  
  164  10:08  Baneling x7  
  164  10:12  Zergling x8  
  166  10:16  Zergling x10  
  171  10:22  Zergling x12  
  171  10:27  Overlord  
  176  10:30  Zergling x8  
  178  10:36  Zergling x8  
  178  10:39  Zergling x6  
  178  10:41  Baneling x11  
  184  10:47  Zergling x14  
  189  10:50  Overlord  
  189  10:52  Zergling x8  
  189  10:56  Overlord  
  177  11:00  Overlord  
  177  11:01  Zergling x2, Overlord  
  164  11:05  Baneling  
  164  11:06  Baneling x17  
  164  11:08  Zergling x4  
  164  11:14  Baneling x13  
  164  11:17  Zergling x4  
  166  11:21  Hydralisk  
  166  11:22  Zergling x8  
  171  11:29  Muscular Augments  
  171  11:30  Zergling x12  
  177  11:33  Zergling x6  
  177  11:37  Spine Crawler  
  177  11:39  Zergling x10  
  184  11:43  Zergling x2  
  184  11:44  Zergling x8  
  188  11:48  Zergling x6  
  188  11:53  Zergling x6  
  194  11:56  Zergling x2  
  194  12:03  Zergling x8  
  193  12:12  Zergling x10  
  198  12:17  Zergling x4  
  198  12:20  Baneling x15  
  189  12:24  Zergling x4  
  189  12:26  Zergling x2  
  189  12:27  Zergling x4  
  189  12:28  Zergling x2  
  158  12:35  Hydralisk  
  158  12:36  Hydralisk x3  
  140  12:40  Hydralisk x3  
  140  12:45  Hydralisk  
  140  12:47  Hydralisk x2  
  134  12:51  Hydralisk  
  134  12:56  Hydralisk  
  134  12:58  Zergling x2  
  128  12:59  Zergling x2  
  128  13:03  Hydralisk  
  128  13:08  Hydralisk  
  128  13:10  Zergling x2  
  118  13:13  Zergling x2  
  118  13:19  Zergling x6  
  121  13:25  Zergling x4  
  121  13:26  Baneling x2  
  121  13:27  Baneling x5  
  123  13:30  Zergling x4  
  123  13:32  Zergling x2  
  126  13:34  Baneling  
  126  13:38  Zergling x2  
Tags
 
Add a new tag
Caveats
  • Supply blocks, unpowered buildings, or Contaminate may cause inaccurate times.
  • Supply counts are checked every 10 seconds.